 Dungeon Crawl Stone Soup version 0.28.0-53-g5a82cb258f (webtiles) character file.

Game seed: 9330120832049879397

152 MisterFreud the Covert (level 5, 0/47 HPs)
             Began as a Gnoll Delver on July 16, 2022.
             Slain by a gnoll
             ... wielding a +0 flail
              (9 damage)
             ... on level 5 of the Dungeon.
             The game lasted 00:00:36 (169 turns).

MisterFreud the Covert (Gnoll Delver)                Turns: 169, Time: 00:00:37

Health: 0/47       AC:  3    Str: 11    XL:     5   Next: 34%
Magic:  7/7        EV: 13    Int: 11    God:
Gold:   0          SH:  0    Dex: 14    Spells: 6/6 levels left

rFire   . . .      SeeInvis .   a - +0 short sword
rCold   . . .      Faith    .   (no shield)
rNeg    . . .      Spirit   .   b - +0 leather armour
rPois   .          Reflect  .   (no helmet)
rElec   .          Harm     .   (no cloak)
rCorr   .          Rampage  .   (no gloves)
Will    .....                   (no boots)
Stlth   ++++......              (no amulet)
HPRegen 0.15/turn               (no ring)
MPRegen 0.10/turn               (no ring)

@: no status effects
A: fangs 1, strong nose, distributed training
a: no special abilities


You were on level 5 of the Dungeon.
You visited 1 branch of the dungeon, and saw 3 of its levels.

Inventory:

Hand Weapons
 a - a +0 short sword (weapon)
Armour
 b - a +0 leather armour (worn)
Wands
 g - a wand of digging (3)
Scrolls
 c - a scroll of fog
 d - a scroll of magic mapping
 e - a scroll of fear
Potions
 f - a potion of haste


   Skills:
 + Level 6.7 Fighting
 + Level 4.8 Short Blades
 + Level 1.4 Long Blades
 + Level 1.4 Axes
 + Level 1.4 Maces & Flails
 + Level 1.4 Polearms
 + Level 1.4 Staves
 + Level 1.4 Slings
 + Level 1.4 Bows
 + Level 1.4 Crossbows
 + Level 1.4 Throwing
 + Level 1.4 Armour
 + Level 4.8 Dodging
 + Level 9.7 Stealth
 + Level 1.4 Shields
 + Level 1.4 Unarmed Combat
 + Level 1.4 Spellcasting
 + Level 1.1 Conjurations
 + Level 1.1 Hexes
 + Level 1.1 Summonings
 + Level 1.1 Necromancy
 + Level 1.1 Translocations
 + Level 1.1 Transmutations
 + Level 1.1 Fire Magic
 + Level 1.1 Ice Magic
 + Level 1.1 Air Magic
 + Level 1.1 Earth Magic
 + Level 1.1 Poison Magic
 + Level 1.6 Invocations
 + Level 1.4 Evocations


You had 6 spell levels left.
You didn't know any spells.
Your spell library was empty.

Dungeon Overview and Level Annotations

Branches:
Dungeon (6/15)
 Temple: D:4-7

Altars:


Innate Abilities, Weirdness & Mutations

You have very sharp teeth.
Your uncanny sense of smell can sniff out nearby items.
Your experience applies equally to all skills.


Message History

The hobgoblin is heavily wounded.
The hobgoblin hits you but does no damage.
The ufetubus closely misses you. x2
The ufetubus barely misses you.
The ufetubus hits you but does no damage.
The ufetubus misses you.
The ufetubus hits you but does no damage.
The ufetubus misses you. The ufetubus hits you. The killer bee zombie hits you.
The ufetubus barely misses you. The ufetubus hits you.
The killer bee zombie hits you.
There is a stone staircase leading down here.
The hobgoblin barely misses you.
You climb downwards.
There is a stone staircase leading up here.
You hit the hobgoblin.
The hobgoblin is severely wounded.
The hobgoblin hits you.
You completely miss the hobgoblin.
The hobgoblin is severely wounded.
The hobgoblin closely misses you.
The gnoll shouts!
You hit the hobgoblin.
You kill the hobgoblin!
The gnoll throws a throwing net.
The throwing net misses you.
You see here a hobgoblin corpse.
You are too injured to fight recklessly!
The gnoll hits you with a +0 whip!
You closely miss the gnoll. The gnoll hits you but does no damage.
You hit the gnoll. You bite the gnoll.
The gnoll is moderately wounded.
The gnoll closely misses you.
You hit the gnoll.
The gnoll is severely wounded.
You hit the gnoll.
You kill the gnoll!
You hit the gnoll but do no damage. The gnoll hits you with a +0 flail!
* * * LOW HITPOINT WARNING * * *
You hit the gnoll but do no damage. You bite the gnoll, but do no damage.
The gnoll hits you with a +0 flail!
You die...

#..†(...#
#.#....
#.......#
...)..
#.....#.#
#.....
#.#.###.#∆
#.....
#.#.[...#
##....
#.#.#.....#
#..>..
#)#.#.#.#.#
#.####
#g#.#.#.# #.#
#@#.#.#.#####.#
#.#.#.#.......#
..#.....#####.#
######.### #.#
### #.# ###


You could see a gnoll.

Vanquished Creatures
  2 scorpions
  A centaur skeleton (D:4)
  A gnoll (D:5)
  2 hobgoblins
6 creatures vanquished.

Vanquished Creatures (others)
  2 withered plants (D:5)
2 creatures vanquished.

Grand Total: 8 creatures vanquished

Notes
Turn   | Place    | Note
-------+----------+-------------------------------------------
     0 | D:5      | Reached skill level 9 in Stealth
     0 | D:5      | MisterFreud the Gnoll Delver began the quest for the Orb.
     0 | D:5      | Reached XP level 1. HP: 23/23 MP: 1/1
     1 | D:6      | Noticed a phantom
    25 | D:5      | Noticed a scorpion
    27 | D:5      | Killed a scorpion
    28 | D:5      | Reached skill level 1 in Long Blades
    28 | D:5      | Reached skill level 1 in Axes
    28 | D:5      | Reached skill level 1 in Maces & Flails
    28 | D:5      | Reached skill level 1 in Polearms
    28 | D:5      | Reached skill level 1 in Staves
    28 | D:5      | Reached skill level 1 in Slings
    28 | D:5      | Reached skill level 1 in Bows
    28 | D:5      | Reached skill level 1 in Crossbows
    28 | D:5      | Reached skill level 1 in Throwing
    28 | D:5      | Reached skill level 1 in Armour
    28 | D:5      | Reached skill level 1 in Shields
    28 | D:5      | Reached skill level 1 in Unarmed Combat
    28 | D:5      | Reached skill level 1 in Spellcasting
    28 | D:5      | Reached skill level 1 in Invocations
    28 | D:5      | Reached skill level 1 in Evocations
    28 | D:5      | Reached XP level 2. HP: 29/29 MP: 1/3
    28 | D:5      | Reached XP level 3. HP: 35/35 MP: 1/4
    28 | D:5      | Reached XP level 4. HP: 41/41 MP: 1/5
    90 | D:4      | Noticed a scorpion
    94 | D:4      | Killed a scorpion
    95 | D:4      | Reached skill level 1 in Conjurations
    95 | D:4      | Reached skill level 1 in Hexes
    95 | D:4      | Reached skill level 1 in Summonings
    95 | D:4      | Reached skill level 1 in Necromancy
    95 | D:4      | Reached skill level 1 in Translocations
    95 | D:4      | Reached skill level 1 in Transmutations
    95 | D:4      | Reached skill level 1 in Fire Magic
    95 | D:4      | Reached skill level 1 in Ice Magic
    95 | D:4      | Reached skill level 1 in Air Magic
    95 | D:4      | Reached skill level 1 in Earth Magic
    95 | D:4      | Reached skill level 1 in Poison Magic
   105 | D:4      | Reached XP level 5. HP: 36/47 MP: 5/7
   169 | D:5      | Slain by a gnoll

Illustrated notes

Levels and vault maps discovered:
D:4:      layout_rooms, minmay_temple_entry_nine_rooms, serial_corexii_hall,
          chequers_hall_statues_y, corexii_hall_statues_i,
          chequers_hall_statues_y, roderic_batcave
D:5:      layout_basic, serial_undead, serial_undead_e, serial_undead_d,
          serial_undead_a, serial_undead_f, uniq_sigmund
D:6:      minmay_polygon_palace, layout_rooms, serial_shops,
          kennysheep_mini_moat

Skill      XL: |  1  2  3  4 |
---------------+-------------+-----
Stealth        | |  9.7
Long Blades    | 1 |  1.4
Axes           | 1 |  1.4
Maces & Flails | 1 |  1.4
Polearms       | 1 |  1.4
Staves         | 1 |  1.4
Slings         | 1 |  1.4
Bows           | 1 |  1.4
Crossbows      | 1 |  1.4
Throwing       | 1 |  1.4
Armour         | 1 |  1.4
Shields        | 1 |  1.4
Unarmed Combat | 1 |  1.4
Spellcasting   | 1 |  1.4
Invocations    | 1 |  1.6
Evocations     | 1 |  1.4
Conjurations   | 1 |  1.1
Hexes          | 1 |  1.1
Summonings     | 1 |  1.1
Necromancy     | 1 |  1.1
Translocations | 1 |  1.1
Transmutations | 1 |  1.1
Fire Magic     | 1 |  1.1
Ice Magic      | 1 |  1.1
Air Magic      | 1 |  1.1
Earth Magic    | 1 |  1.1
Poison Magic   | 1 |  1.1
Fighting       | |  6.7
Short Blades   | |  4.8
Dodging        | |  4.8

Action                   |  1- 3 |  4- 6 || total
-------------------------+-------+-------++-------
Melee: Short sword       |     1 |    27 ||    28
       Bite              |       |     6 ||     6
 Stab: Sleeping          |     1 |     1 ||     2
Armor: Leather armour    |       |     8 ||     8
Dodge: Dodged            |       |    27 ||    27
